 Dungeon Crawl Stone Soup version 0.21-a0-498-g1b60429 (webtiles) character file.

6 4thArraOfDagon the Skirmisher (level 1, -8/21 HPs)
             Began as a Naga Abyssal Knight on Nov 24, 2017.
             Was an Initiate of Lugonu.
             Mangled by a gnoll
             ... wielding a +0 spear
              (9 damage)
             ... on level 1 of the Dungeon.
             The game lasted 00:00:50 (180 turns).

4thArraOfDagon the Skirmisher (Naga Abyssal Knight)  Turns: 180, Time: 00:00:51

Health: -8/21      AC:  3    Str: 14    XL:     1   Next: 90%
Magic:  2/2        EV:  8    Int: 12    God:    Lugonu [......]
Gold:   9          SH:  0    Dex: 10    Spells: 0/0 levels left

rFire    + . .     SeeInvis +   a - +1 spear
rCold    + . .     Gourm    .   (no shield)
rNeg     . . .     Faith    .   d - +0 ring mail
rPois    +         Spirit   .   (no helmet)
rElec    +         Reflect  .   (no cloak)
rCorr    +         Harm     .   (no gloves)
MR       .....                  (no barding)
Stlth    ..........             (no amulet)
HPRegen  0.07/turn              (no ring)
MPRegen  0.08/turn              (no ring)

@: short of breath, resistant, very slow
A: large, see invisible, deformed body, [low mp 2], poison resistance, slowness
2, slow metabolism 1, spit poison 1, AC +0
a: Spit Poison, Renounce Religion


You were on level 1 of the Dungeon.
You worshipped Lugonu.
Lugonu was noncommittal.
You were not hungry.

You visited 1 branch of the dungeon, and saw 1 of its levels.
You visited the Abyss 1 time.

You collected 9 gold pieces.

Inventory:

Hand Weapons
 a - a +1 spear (weapon)
Armour
 b - a +0 leather armour
 d - a +0 ring mail (worn)
Comestibles
 c - a bread ration


   Skills:
 - Level 3.0 Fighting
 * Level 2.4 Polearms
 - Level 1.5 Armour
 - Level 0.7 Dodging
 + Level 2.2 Invocations


You couldn't memorise any spells.
You didn't know any spells.

Dungeon Overview and Level Annotations

Branches:
Dungeon (1/15)

Altars:


Innate Abilities, Weirdness & Mutations

You cannot wear boots.
Your serpentine skin is tough. (AC +0)
You have supernaturally acute eyesight. (SInv)
Armour fits poorly on your strangely shaped body.
Your system is resistant to poisons. (rPois)
You cover ground very slowly.
You have a slow metabolism.
You can spit poison.
[Your magical capacity is very low. (-20% MP)]


Message History

The splash of poison hits the gnoll.
The gnoll is heavily wounded.
You feel slightly more hungry.
An ooze comes into view.
You see here a dart slug corpse.
Unknown command.
You have got your breath back.
Press: ? - help, Shift-Dir - straight line, f/p - gnoll
Aim: a gnoll, wielding a spear (heavily wounded)
The splash of poison misses the gnoll.
You feel slightly more hungry. The gnoll hits you but does no damage.
Unknown command.
It was a potion of resistance.
You feel protected.
The gnoll hits you from afar with a spear!
* * * LOW HITPOINT WARNING * * *
Unknown command.
Unknown command.
The gnoll hits you from afar with a spear!
You die...

### #.!.....# ..#
#.......# # #....!..# #
.......# # .J....# #
############ #g...# #
...........# #.# #
######.##.#######.#
##########.##...@.gJ†.#
........†#.############
########.#.### #.#...#
#.###.# #.....# #######


You could see a gnoll and an ooze.

Vanquished Creatures
  A dart slug (D:1)
  A goblin (D:1)
  A hobgoblin (D:1)
  A bat (D:1)
4 creatures vanquished.

Notes
Turn   | Place    | Note
-------+----------+-------------------------------------------
     0 | Abyss:1  | 4thArraOfDagon the Naga Abyssal Knight began the quest for the Orb.
     0 | Abyss:1  | Reached XP level 1. HP: 21/21 MP: 2/2
    27 | Abyss:1  | Noticed a wretched star
    32 | D:1      | Escaped the Abyss
    41 | D:1      | Noticed a centaur
   178 | D:1      | HP: 1/21 [gnoll/spear (7)]
   180 | D:1      | Mangled by a gnoll

Vault maps used:
D:1:      evilmike_arrival_come_back, hangedman_decor_points

Action                   || total
-------------------------++-------
Melee: Spear             ||     4
Invok: Depart the Abyss  ||     1
 Abil: Spit Poison       ||     6
  Use: Potion            ||     1
Armor: Ring mail         ||     5
Dodge: Dodged            ||     3

Table legend:
 A = Spawn XP
 B = Non-spawn XP
 C = Spawn XP percentage of total XP
 D = Spawn monster count
 E = Non-spawn monster count
 F = Spawn count percentage of total count
 G = Total turns spent on level
                    A         B        C        D         E        F      G
               +---------+---------+-------+---------+---------+-------+---------
         Total |       0 |       9 |   0.0 |       0 |       4 |   0.0 |   180
               +---------+---------+-------+---------+---------+-------+---------
           D:1 |       0 |       9 |   0.0 |       0 |       4 |   0.0 |   148
               +---------+---------+-------+---------+---------+-------+---------
